 Dungeon Crawl Stone Soup version 0.17.1-3-g152610e (webtiles) character file.

39 kaze the Ducker (level 3, -2/27 HPs)
             Began as a Demonspawn Gladiator on Apr 1, 2016.
             Slain by a gnoll
             ... wielding a +0 halberd
              (15 damage)
             ... on level 2 of the Dungeon.
             The game lasted 00:02:27 (845 turns).

kaze the Ducker (Demonspawn Gladiator)               Turns: 845, Time: 00:02:27

Health: -2/27      AC:  3    Str: 16    XL:     3   Next: 28%
Magic:  3/3        EV: 13    Int:  9    God:
Gold:   116        SH:  0    Dex: 13    Spells: 0 memorised, 2 levels left

rFire  . . .     SeeInvis .     f - +1 spear (vamp)
rCold  . . .     Clarity  .     b - +0 leather armour
rNeg   . . .     SustAt   .     (no shield)
rPois  .         Gourm    .     (helmet restricted)
rElec  .         Spirit   .     (no cloak)
rCorr  .         Warding  .     (no gloves)
rMut   .         Stasis   .     (no boots)
MR     .....                    (no amulet)
Stlth  +.........               (no ring)
                                (no ring)

@: not resistant to hostile enchantments, very unstealthy
A: antennae 2
a: no special abilities


You were on level 2 of the Dungeon.
You were not hungry.

You visited 1 branch of the dungeon, and saw 2 of its levels.

You collected 116 gold pieces.

Inventory:

Hand Weapons
 a - a +0 war axe
 f - a +1 vampiric spear (weapon)
Missiles
 j - 5 javelins (quivered)
Armour
 b - a +0 leather armour (worn)
 e - a +0 plate armour
Scrolls
 d - a scroll of magic mapping {unknown}
 i - a scroll of teleportation {unknown}
 m - 3 scrolls of identify {unknown}
 n - a scroll of recharging {unknown}
 o - a scroll of enchant weapon {unknown}
 p - a scroll of noise {unknown}
Potions
 g - a potion of invisibility {unknown}
 l - a potion of lignification {unknown}
Comestibles
 c - a chunk of flesh
 h - a meat ration
 k - a bread ration


   Skills:
 + Level 2.2 Fighting
 + Level 2.8(2.9) Axes
 + Level 0.3(1.7) Polearms
 + Level 2.0 Throwing
 + Level 0.5 Armour
 + Level 3.3 Dodging
 + Level 0.4 Stealth


You had 2 spell levels left.
You didn't know any spells.

Dungeon Overview and Level Annotations

Branches:
Dungeon (2/15)

Altars:
Cheibriados


Innate Abilities, Weirdness & Mutations

You have a pair of antennae on your head.


Message History

Press: ? - help, Dir - move target cursor, f/p - gnoll
Aim: a gnoll, wielding a spear You reach to attack!
You hit the gnoll.
The gnoll is moderately wounded.
The gnoll barely misses you.
Attack whom?
Press: ? - help, Dir - move target cursor, f/p - gnoll
Aim: a gnoll, wielding a spear (moderately wounded)
You reach to attack!
You closely miss the gnoll.
The gnoll is moderately wounded.
The gnoll closely misses you.
The gnoll hits you from afar with a spear.
Attack whom?
Press: ? - help, Dir - move target cursor, f/p - gnoll
Aim: a gnoll, wielding a spear (moderately wounded)
You reach to attack!
You hit the gnoll.
The gnoll is moderately wounded.
The gnoll hits you from afar with a halberd!
Ouch! That really hurt!
You die...

.......... ...## .......
...<# ...... #+#.#
######....# ....#
..........# #...#
..........# ....#
#...........#
....###...........###.#.
................@.gg....
......#.#######.#.gK....
......#.#######.####....
.........##.......# ...
.........##.......# .
................>.#
..................#
..................#
..................#


You could see 3 gnolls and a kobold.

Vanquished Creatures
  An adder (D:1)
  A worm (D:2)
  A giant gecko (D:1)
  2 giant cockroaches
  4 goblins
  5 hobgoblins (D:1)
  3 kobolds
  5 bats
  3 giant newts
  3 rats (D:1)
28 creatures vanquished.

Notes
Turn   | Place    | Note
--------------------------------------------------------------
     0 | D:1      | kaze the Demonspawn Gladiator began the quest for the Orb.
     0 | D:1      | Reached XP level 1. HP: 16/16 MP: 1/1
    97 | D:1      | Found a snail-covered altar of Cheibriados.
   163 | D:1      | Gained mutation: You have a pair of small antennae on your head. [demonic ancestry]
   163 | D:1      | Reached XP level 2. HP: 22/22 MP: 2/2
   344 | D:1      | Reached skill level 3 in Dodging
   579 | D:2      | HP: 1/22 [goblin/dagger (4)]
   716 | D:1      | Gained mutation: You have a pair of antennae on your head. [demonic ancestry]
   716 | D:1      | Reached XP level 3. HP: 23/27 MP: 3/3
   845 | D:2      | Slain by a gnoll

Action                   || total
-------------------------++-------
Melee: Spear             ||   112
       War axe           ||     1
 Stab: Sleeping          ||     2
  Eat: Bread ration      ||     1
